Map: [ESL] Cosmic Sapphire

Players

NightMare - Winner!

  • Race: Protoss Protoss
  • Spawn Location: 11:00

Astrea

  • Race: Protoss Protoss
  • Spawn Location: 5:00

Event: DreamHack SC2 Masters 2022 Valencia

VOD

Have the link to the VOD?

Description

Time

  • Played on: July 1, 2022, 2:43 p.m.
  • Length: 7:51

All games in this series

Show
View Real Time Build Order
Export as new Build Order

NightMare Protoss - Winner!

Build Orders:  

Get SALT Encoding   

  12  0:00  Probe  
  13  0:12  Probe  
  14  0:16  Pylon  
  14  0:24  Probe (Chrono Boost)  
  15  0:36  Probe (Chrono Boost), Gateway  
  16  0:44  Probe (Chrono Boost)  
  16  0:47  Assimilator  
  17  0:51  Probe  
  17  0:55  Assimilator  
  18  1:03  Probe (Chrono Boost)  
  19  1:09  Gateway  
  20  1:12  Probe (Chrono Boost)  
  20  1:21  Assimilator  
  20  1:26  Cybernetics Core  
  20  1:28  Probe  
  21  1:41  Probe  
  22  1:53  Probe  
  23  1:55  Pylon  
  23  2:01  Warp Gate (Chrono Boost)  
  23  2:13  Stalker x2  
  23  2:14  Gateway  
  27  2:21  Pylon  
  27  2:43  Stalker x2  
  31  2:48  Pylon  
  30  3:01  Stalker  
  32  3:13  Stalker x2  
  36  3:27  Pylon  
  36  3:43  Stalker  
  38  3:51  Stalker  
  38  3:52  Stalker  
  38  3:55  Pylon  
  40  4:17  Stalker x3  
  42  4:41  Stalker x3  
  44  5:05  Stalker x3  
  42  5:28  Stalker x3  
  48  5:48  Stalker x2  
  52  5:51  Stalker  
  52  6:09  Stalker  
  54  6:13  Pylon  
  54  6:18  Robotics Facility  
  54  6:24  Stalker  
  54  6:32  Probe  
  55  6:34  Pylon  
  55  6:42  Adept x2  
  59  6:47  Adept  
  59  6:52  Pylon  
  59  7:15  Adept x3  
  57  7:42  Stalker x3  
Show
View Real Time Build Order
Export as new Build Order

Astrea Protoss 

Build Orders: 1 Gate Expand, Phoenix Opening 

Get SALT Encoding   

  12  0:00  Probe  
  13  0:12  Probe  
  14  0:17  Pylon  
  14  0:24  Probe (Chrono Boost)  
  15  0:36  Probe (Chrono Boost)  
  15  0:37  Gateway  
  16  0:44  Probe (Chrono Boost)  
  16  0:46  Assimilator  
  17  0:51  Probe  
  18  1:03  Probe  
  19  1:15  Probe  
  20  1:23  Nexus  
  20  1:35  Cybernetics Core  
  20  1:37  Probe  
  21  1:46  Pylon  
  21  1:49  Probe  
  22  2:01  Probe  
  23  2:07  Warp Gate (Chrono Boost)  
  23  2:12  Stalker (Chrono Boost)  
  23  2:13  Probe  
  26  2:25  Probe  
  26  2:28  Gateway  
  27  2:37  Probe  
  27  2:39  Probe  
  27  2:40  Sentry (Chrono Boost)  
  31  2:44  Gateway  
  31  2:49  Probe, Shield Battery  
  31  2:51  Probe  
  33  2:59  Stalker  
  33  3:01  Probe  
  33  3:04  Probe  
  37  3:12  Assimilator  
  37  3:13  Probe  
  38  3:20  Shield Battery  
  38  3:21  Probe  
  38  3:23  Phoenix  
  41  3:41  Stalker, Pylon, Shield Battery  
  39  3:42  Stalker  
  39  3:43  Stalker  
  45  3:52  Probe x2  
  46  3:57  Pylon  
  46  4:10  Stalker x2  
  46  4:12  Cybernetics Core  
  48  4:17  Probe  
  45  4:24  Stalker  
  45  4:27  Gateway  
  45  4:30  Shield Battery  
  47  4:35  Stalker  
  47  4:38  Stalker  
  51  4:48  Stalker  
  51  4:51  Assimilator  
  53  4:54  Shield Battery  
  47  5:04  Stalker x2  
  45  5:12  Stalker  
  46  5:15  Probe  
  46  5:16  Probe  
  44  5:26  Stalker  
  44  5:27  Zealot x2  
  49  5:33  Stalker  
  49  5:43  Stalker  
  48  5:51  Zealot  
  48  5:53  Probe  
  48  5:54  Zealot x2  
  49  5:57  Gateway  
  46  6:12  Pylon  
  38  6:27  Sentry  
  40  6:48  Pylon  
  40  6:52  Pylon  
  40  6:54  Assimilator  
  40  7:07  Sentry  
  40  7:14  Zealot x2  
  41  7:23  Probe  
  40  7:31  Stalker  
  40  7:32  Stalker  
  41  7:38  Probe  

Tags
 
Add a new tag
Caveats
  • Supply blocks, unpowered buildings, or Contaminate may cause inaccurate times.
  • Supply counts are checked every 10 seconds.